 Dungeon Crawl Stone Soup version 0.23.0 (webtiles) character file.

Game seed: 3774473882869683856

4943 tidbits the Magician (level 10, 75/79 HPs)
             Began as a Gnoll Skald on Feb 11, 2019.
             Quit the game on level 4 of the Dungeon.
             The game lasted 00:28:11 (2761 turns).

tidbits the Magician (Gnoll Skald)                  Turns: 2761, Time: 00:28:12

Health: 75/79      AC: 14    Str: 13    XL:     10   Next: 52%
Magic:  30/30      EV: 15    Int: 20    God:
Gold:   372        SH:  0    Dex: 16    Spells: 12/23 levels left

rFire    + . .     SeeInvis .   a - +2 halberd
rCold    x . .     Gourm    .   (shield currently unavailable)
rNeg     . . .     Faith    .   B - +2 ring mail {rF+}
rPois    .         Spirit   .   E - +2 helmet
rElec    .         Reflect  .   (no cloak)
rCorr    .         Harm     .   G - +2 pair of gloves
MR       ++...                  (no boots)
Stlth    ++........             I - amulet of the acrobat
HPRegen  0.23/turn              H - ring of protection from magic
MPRegen  0.22/turn              n - ring "Nyoceuse" {rC- MR+ MP+9 Dex+2}

@: no status effects
A: distributed training, fangs 1, strong nose
a: no special abilities


You were on level 4 of the Dungeon.
You were full.

You visited 2 branches of the dungeon, and saw 10 of its levels.
You also visited: Sewer.

You collected 372 gold pieces.

Inventory:

Hand Weapons
 a - a +2 halberd (weapon)
 i - a +0 hunting sling
 m - a +0 flail
 s - a +0 arbalest
 v - a +0 blowgun
 x - a +0 hand crossbow
 J - a +3 dagger
 V - a +0 trident
 Y - a +0 broad axe
Missiles
 f - 2 throwing nets {!f}
 g - 15 sling bullets
 j - 37 stones
 l - 31 arrows
 t - 6 tomahawks (quivered)
 w - 5 poisoned needles
 y - 39 bolts
Armour
 b - a +0 leather armour
 e - a +0 helmet
 q - a +0 pair of gloves
 B - a +2 ring mail of fire resistance (worn)
   (You took it off an orc on level 7 of the Dungeon)
 E - a +2 helmet (worn)
 G - a +2 pair of gloves (worn)
 L - a +0 ring mail
 R - a +0 ring mail
Jewellery
 n - the ring "Nyoceuse" (right hand) {rC- MR+ MP+9 Dex+2}
   (You found it on level 5 of the Dungeon)

   [ring of dexterity]

   It affects your dexterity (+2).
   It makes you vulnerable to cold.
   It affects your resistance to hostile enchantments.
   It affects your magic capacity (+9).
 H - a ring of protection from magic (left hand)
   (You found it on level 5 of the Dungeon)
 I - an amulet of the acrobat (around neck)
   (You took it off an orc wizard on level 4 of the Dungeon)
 K - an uncursed ring of teleportation
   (You found it on level 5 of the Dungeon)
 O - an uncursed ring of see invisible
   (You found it on level 6 of the Dungeon)
 S - an uncursed ring of positive energy
   (You found it on level 6 of the Dungeon)
Wands
 h - a wand of digging (3)
 N - a wand of iceblast (15)
 T - a wand of polymorph (8)
 W - a wand of acid (24)
Scrolls
 c - a scroll of fear
 k - 2 scrolls of random uselessness {unknown}
 p - a scroll of noise {!r}
 r - a scroll of remove curse
 F - 3 scrolls of immolation {unknown}
 M - a scroll of fog {unknown}
 P - 3 scrolls of amnesia
 X - a scroll of enchant weapon
Potions
 o - 6 potions of curing
 u - a potion of invisibility
 z - 3 potions of heal wounds {unknown}
 A - 3 potions of flight
 C - 2 potions of cancellation
 D - a potion of lignification {unknown}
 Q - 2 potions of haste
 U - a potion of brilliance
 Z - 2 potions of might
Comestibles
 d - 8 rations


   Skills:
 + Level 7.0 Fighting
 + Level 5.2 Short Blades
 + Level 5.2 Long Blades
 + Level 5.2 Axes
 + Level 5.2 Maces & Flails
 + Level 7.0 Polearms
 + Level 5.2 Staves
 + Level 5.2 Slings
 + Level 5.2 Bows
 + Level 5.2 Crossbows
 + Level 5.2 Throwing
 + Level 5.9 Armour
 + Level 7.0 Dodging
 + Level 5.2 Stealth
 + Level 5.2 Shields
 + Level 5.2 Unarmed Combat
 + Level 7.3 Spellcasting
 + Level 4.3 Conjurations
 + Level 4.3 Hexes
 + Level 7.1 Charms
 + Level 4.3 Summonings
 + Level 4.3 Necromancy
 + Level 4.3 Translocations
 + Level 4.3 Transmutations
 + Level 4.3 Fire Magic
 + Level 4.3 Ice Magic
 + Level 4.3 Air Magic
 + Level 4.3 Earth Magic
 + Level 4.3 Poison Magic
 + Level 5.8 Invocations
 + Level 5.2 Evocations


You had 12 spell levels left.
You knew the following spells:

 Your Spells              Type           Power        Failure   Level  Hunger
g - Shroud of Golubria    Chrm/Tloc      ####......   2%          2    None
i - Infusion              Chrm           ####         1%          1    None
r - Regeneration          Chrm/Necr      ####......   5%          3    #......
w - Spectral Weapon       Hex/Chrm       ####....     5%          3    #......
y - Song of Slaying       Chrm           #####...     1%          2    None

Your spell library contained the following spells:

 Spells                   Type           Power        Failure   Level  Hunger


Dungeon Overview and Level Annotations

Branches:
Dungeon (9/15)             Temple (1/1) D:7
   Lair: D:8-11         Orc: D:9-12

Altars:
Ashenzari
Dithmenos
Elyvilon
Fedhas
Gozag
Hepliaklqana
Kikubaaqudgha
Makhleb
Nemelex Xobeh
Okawaru
Qazlal
Ru
Sif Muna
Trog
Uskayaw
Vehumet
Wu Jian
Xom
Yredelemnul
Zin
The Shining One

Shops:
D:7 [%


Innate Abilities, Weirdness & Mutations

Your experience applies equally to all skills.
You have very sharp teeth.
Your uncanny sense of smell can sniff out nearby items.


Message History

The worker ant is lightly wounded.
Your spectral weapon barely misses the worker ant.
The worker ant bites you but does no damage.
You puncture the worker ant!
You kill the worker ant!
Your skin stops crawling.
Things that are here:
16 gold pieces; a worker ant corpse You now have 340 gold pieces (gained 16).
A jelly comes into view.
Unknown command.
Attack whom?
Press: ? - help, Dir - move target cursor, f - jelly
Aim: a jelly (resting)
You reach to attack!
The helpless jelly fails to defend itself.
You impale the jelly!!
You kill the jelly!
A giant cockroach comes into view.
Found a leather armour.
You swap places.
You see here a worker ant corpse.
Your spectral weapon fades away.
There is a stone staircase leading down here.
There is a stone staircase leading up here.
You climb upwards.
There is a stone staircase leading down here.
Unknown command.
There is a stone staircase leading up here.
You climb upwards.
A hound comes into view.
Found 18 gold pieces.
There is a stone staircase leading down here.
Unknown command.
The helpless centaur fails to defend itself.
You puncture the centaur! You bite the centaur.
The centaur is heavily wounded.
The centaur misses you.
Casting: Regeneration (safe; 5% risk of failure)
Confirm with . or Enter, or press ? or * to list all spells.
You draw out your weapon's spirit!
The centaur barely misses you. The centaur hits you.
You hit the centaur.
The centaur is severely wounded.
Your spectral weapon hits the centaur from afar!
You kill the centaur!
The hound bites you but does no damage.
You completely miss the hound.
Your spectral weapon hits the hound from afar!!
You kill the hound!
Things that are here:
a +0 shortbow; 10 arrows
l - 31 arrows (gained 10)
You can't carry that many items.
You see here 14 gold pieces.
You now have 354 gold pieces (gained 14).
Found a clouded tin ring.
You see here 7 gold pieces.
Unknown command.
You now have 361 gold pieces (gained 7).
Found a ruby potion.
Unknown command.
Unknown command.
You see here 11 gold pieces.
You now have 372 gold pieces (gained 11).
Found a leather armour.
Unknown command.
You see here a clouded tin ring.
Okay, then.
Drop what? 52/52 slots (_ for help) (? for menu, Esc to quit)
You drop a +0 spear.
You drop a +0 scythe.
n - a clouded tin ring Put on which piece of jewellery? (? for menu, Esc to quit)
You're wearing all the rings you can.
Remove which one? (? for menu, Esc to cancel) < or
H - a ring of protection from magic > or
O - a ring of see invisible You remove your ring of see invisible.
You feel agile.
You feel your magic capacity increase.
n - the ring "Nyoceuse" (right hand) {rC- MR+ MP+9 Dex+2} You see here a ruby potion.
D - a ruby potion Your spectral weapon fades away.
Found a ration.
You see here a ration.
You eat the ration.
That ration really hit the spot!
Magic restored.
The quokka is too close now for your liking.
Unknown command.
The quokka completely misses you.
You puncture the quokka!
You kill the quokka!
You see here a quokka corpse.
There is a stone staircase leading up here.
You climb upwards.
There is a stone staircase leading down here.
Unknown command.
Are you sure you want to abandon this character and quit the game? (Confirm with "yes".)

...#.........#
#...........##
#.........###
.......##.##
........#..#
...........#
.?...#....########
.##..........##..##
..#.............@.#
##...........#...##
........#.....####
....###.#.....##
...............#
.#..≈#.....#...#
.≈≈≈≈≈....######
≈≈≈≈≈≈≈#..#
≈≈≈≈≈≈≈...#


There were no monsters in sight!

Vanquished Creatures
  2 tengu conjurers (D:9)
  Grinder (Sewer)
  A hippogriff (D:7)
  Sigmund (D:4)
  2 humans (D:8)
  A hungry ghost (D:7)
  Menkaure (D:4)
  2 sky beasts
  3 black bears
  2 phantoms
  An ogre (D:7)
  A centaur (D:5)
  A necrophage (D:6)
  2 big kobolds
  6 bullfrogs
  A wyvern zombie (D:7)
  3 scorpions
  12 killer bees
  3 wights (D:7)
  2 howler monkeys
  2 crimson imps
  2 jellies
  2 quasits (Sewer)
  A gnoll shaman (D:8)
  A bullfrog skeleton (D:4)
  3 hounds
  2 iguanas (D:4)
  5 orc wizards
  4 worker ants
  A hound skeleton (D:7)
  2 worker ant zombies
  Robin (D:2)
  5 adders
  13 gnolls
  4 shadow imps
  3 ufetubi (Sewer)
  5 oozes
  5 adder skeletons
  3 adder zombies
  6 worms
  A leopard gecko (D:6)
  18 orcs
  2 bats
  6 giant cockroaches
  11 goblins (D:2)
  5 hobgoblins
  6 jackals
  17 kobolds
  6 quokkas
  3 ball pythons (Sewer)
  5 frilled lizards
  A jackal skeleton (D:6)
  7 rats
206 creatures vanquished.

Vanquished Creatures (others)
  2 scorpions (D:4)
  An adder (D:4)
  A worm (D:4)
  An orc (D:4)
  A frilled lizard (D:4)
  2 spectral weapons
8 creatures vanquished.

Grand Total: 214 creatures vanquished

Notes
Turn   | Place    | Note
-------+----------+-------------------------------------------
     0 | D:1      | tidbits the Gnoll Skald began the quest for the Orb.
     0 | D:1      | Reached XP level 1. HP: 20/20 MP: 6/6
   113 | D:2      | Reached XP level 2. HP: 26/26 MP: 1/7
   117 | D:2      | Learned a level 2 spell: Song of Slaying
   120 | D:2      | Learned a level 2 spell: Shroud of Golubria
   132 | D:2      | Noticed Robin
   159 | D:2      | Killed Robin
   159 | D:2      | Reached skill level 5 in Spellcasting
   159 | D:2      | Reached XP level 3. HP: 8/31 MP: 0/9
   180 | D:2      | Learned a level 3 spell: Regeneration
   184 | D:2      | Learned a level 3 spell: Spectral Weapon
   226 | D:2      | Found a stormy altar of Qazlal.
   250 | D:2      | Reached skill level 1 in Invocations
   260 | D:2      | Reached skill level 1 in Short Blades
   260 | D:2      | Reached skill level 1 in Long Blades
   260 | D:2      | Reached skill level 1 in Axes
   260 | D:2      | Reached skill level 1 in Maces & Flails
   260 | D:2      | Reached skill level 1 in Staves
   260 | D:2      | Reached skill level 1 in Slings
   260 | D:2      | Reached skill level 1 in Bows
   260 | D:2      | Reached skill level 1 in Crossbows
   260 | D:2      | Reached skill level 1 in Throwing
   260 | D:2      | Reached skill level 1 in Stealth
   260 | D:2      | Reached skill level 1 in Shields
   260 | D:2      | Reached skill level 1 in Unarmed Combat
   260 | D:2      | Reached skill level 1 in Evocations
   260 | D:2      | Reached XP level 4. HP: 18/38 MP: 3/11
   524 | D:3      | Reached skill level 1 in Conjurations
   524 | D:3      | Reached skill level 1 in Hexes
   524 | D:3      | Reached skill level 1 in Summonings
   524 | D:3      | Reached skill level 1 in Necromancy
   524 | D:3      | Reached skill level 1 in Translocations
   524 | D:3      | Reached skill level 1 in Transmutations
   524 | D:3      | Reached skill level 1 in Fire Magic
   524 | D:3      | Reached skill level 1 in Ice Magic
   524 | D:3      | Reached skill level 1 in Air Magic
   524 | D:3      | Reached skill level 1 in Earth Magic
   524 | D:3      | Reached skill level 1 in Poison Magic
   543 | D:3      | Reached XP level 5. HP: 32/43 MP: 8/12
   565 | D:4      | Reached skill level 3 in Armour
   574 | D:4      | Noticed Sigmund
   721 | D:4      | Found a glowing drain.
   721 | D:4      | Noticed Menkaure
   725 | D:4      | Reached skill level 2 in Invocations
   725 | D:4      | Reached XP level 6. HP: 27/50 MP: 2/13
   728 | D:4      | Killed Menkaure
   728 | D:4      | Reached skill level 5 in Fighting
   728 | D:4      | Reached skill level 2 in Short Blades
   728 | D:4      | Reached skill level 2 in Long Blades
   728 | D:4      | Reached skill level 2 in Axes
   728 | D:4      | Reached skill level 2 in Maces & Flails
   728 | D:4      | Reached skill level 5 in Polearms
   728 | D:4      | Reached skill level 2 in Staves
   728 | D:4      | Reached skill level 2 in Slings
   728 | D:4      | Reached skill level 2 in Bows
   728 | D:4      | Reached skill level 2 in Crossbows
   728 | D:4      | Reached skill level 2 in Throwing
   728 | D:4      | Reached skill level 5 in Dodging
   728 | D:4      | Reached skill level 2 in Stealth
   728 | D:4      | Reached skill level 2 in Shields
   728 | D:4      | Reached skill level 2 in Unarmed Combat
   728 | D:4      | Reached skill level 2 in Evocations
   741 | Sewer    | Entered a sewer
   848 | Sewer    | Found a burning altar of Makhleb.
   853 | Sewer    | Reached XP level 7. HP: 47/56 MP: 1/15
   915 | Sewer    | Reached skill level 2 in Conjurations
   915 | Sewer    | Reached skill level 2 in Hexes
   915 | Sewer    | Reached skill level 2 in Summonings
   915 | Sewer    | Reached skill level 2 in Necromancy
   915 | Sewer    | Reached skill level 2 in Translocations
   915 | Sewer    | Reached skill level 2 in Transmutations
   915 | Sewer    | Reached skill level 2 in Fire Magic
   915 | Sewer    | Reached skill level 2 in Ice Magic
   915 | Sewer    | Reached skill level 2 in Air Magic
   915 | Sewer    | Reached skill level 2 in Earth Magic
   915 | Sewer    | Reached skill level 2 in Poison Magic
   942 | Sewer    | Noticed Grinder
   958 | Sewer    | Killed Grinder
   958 | Sewer    | Reached skill level 3 in Invocations
  1000 | D:5      | Entered Level 5 of the Dungeon
  1037 | D:4      | Reached skill level 6 in Charms
  1037 | D:4      | Reached XP level 8. HP: 34/63 MP: 3/16
  1074 | D:4      | Killed Sigmund
  1074 | D:4      | Reached skill level 3 in Short Blades
  1074 | D:4      | Reached skill level 3 in Long Blades
  1074 | D:4      | Reached skill level 3 in Axes
  1074 | D:4      | Reached skill level 3 in Maces & Flails
  1074 | D:4      | Reached skill level 3 in Staves
  1074 | D:4      | Reached skill level 3 in Slings
  1074 | D:4      | Reached skill level 3 in Bows
  1074 | D:4      | Reached skill level 3 in Crossbows
  1074 | D:4      | Reached skill level 3 in Throwing
  1074 | D:4      | Reached skill level 4 in Armour
  1074 | D:4      | Reached skill level 3 in Stealth
  1074 | D:4      | Reached skill level 3 in Shields
  1074 | D:4      | Reached skill level 3 in Unarmed Combat
  1074 | D:4      | Reached skill level 3 in Evocations
  1155 | D:5      | Reached skill level 6 in Spellcasting
  1186 | D:4      | Found a shimmering altar of Xom.
  1532 | D:6      | Reached skill level 3 in Conjurations
  1532 | D:6      | Reached skill level 3 in Hexes
  1532 | D:6      | Reached skill level 3 in Summonings
  1532 | D:6      | Reached skill level 3 in Necromancy
  1532 | D:6      | Reached skill level 3 in Translocations
  1532 | D:6      | Reached skill level 3 in Transmutations
  1532 | D:6      | Reached skill level 3 in Fire Magic
  1532 | D:6      | Reached skill level 3 in Ice Magic
  1532 | D:6      | Reached skill level 3 in Air Magic
  1532 | D:6      | Reached skill level 3 in Earth Magic
  1532 | D:6      | Reached skill level 3 in Poison Magic
  1532 | D:6      | Reached skill level 4 in Invocations
  1555 | D:7      | Found Nehustrep's Armour Boutique.
  1561 | D:7      | Reached XP level 9. HP: 67/69 MP: 14/18
  1588 | D:6      | Reached skill level 6 in Fighting
  1588 | D:6      | Reached skill level 6 in Polearms
  1588 | D:6      | Reached skill level 6 in Dodging
  1679 | D:6      | Reached skill level 4 in Short Blades
  1679 | D:6      | Reached skill level 4 in Long Blades
  1679 | D:6      | Reached skill level 4 in Axes
  1679 | D:6      | Reached skill level 4 in Maces & Flails
  1679 | D:6      | Reached skill level 4 in Staves
  1679 | D:6      | Reached skill level 4 in Slings
  1679 | D:6      | Reached skill level 4 in Bows
  1679 | D:6      | Reached skill level 4 in Crossbows
  1679 | D:6      | Reached skill level 4 in Throwing
  1679 | D:6      | Reached skill level 4 in Stealth
  1679 | D:6      | Reached skill level 4 in Shields
  1679 | D:6      | Reached skill level 4 in Unarmed Combat
  1679 | D:6      | Reached skill level 4 in Evocations
  1882 | D:7      | Reached skill level 5 in Armour
  1890 | D:7      | Found a staircase to the Ecumenical Temple.
  1897 | Temple   | Entered the Ecumenical Temple
  1926 | D:7      | Found a shadowy altar of Dithmenos.
  1951 | D:7      | Found Deruc's Food Shoppe.
  1992 | D:7      | Reached skill level 5 in Invocations
  2107 | D:7      | Reached XP level 10. HP: 65/77 MP: 3/20
  2117 | D:7      | Reached skill level 7 in Spellcasting
  2171 | D:7      | Reached skill level 4 in Conjurations
  2171 | D:7      | Reached skill level 4 in Hexes
  2171 | D:7      | Reached skill level 4 in Summonings
  2171 | D:7      | Reached skill level 4 in Necromancy
  2171 | D:7      | Reached skill level 4 in Translocations
  2171 | D:7      | Reached skill level 4 in Transmutations
  2171 | D:7      | Reached skill level 4 in Fire Magic
  2171 | D:7      | Reached skill level 4 in Ice Magic
  2171 | D:7      | Reached skill level 4 in Air Magic
  2171 | D:7      | Reached skill level 4 in Earth Magic
  2171 | D:7      | Reached skill level 4 in Poison Magic
  2347 | D:9      | Found an opulent altar of Gozag.
  2347 | D:9      | Found a hazy altar of Hepliaklqana.
  2347 | D:9      | Found a sacrificial altar of Ru.
  2347 | D:9      | Found an ancient bone altar of Kikubaaqudgha.
  2374 | D:8      | Found an iron altar of Okawaru.
  2403 | D:8      | Reached skill level 5 in Short Blades
  2403 | D:8      | Reached skill level 5 in Long Blades
  2403 | D:8      | Reached skill level 5 in Axes
  2403 | D:8      | Reached skill level 5 in Maces & Flails
  2403 | D:8      | Reached skill level 5 in Staves
  2403 | D:8      | Reached skill level 5 in Slings
  2403 | D:8      | Reached skill level 5 in Bows
  2403 | D:8      | Reached skill level 5 in Crossbows
  2403 | D:8      | Reached skill level 5 in Throwing
  2403 | D:8      | Reached skill level 5 in Stealth
  2403 | D:8      | Reached skill level 5 in Shields
  2403 | D:8      | Reached skill level 5 in Unarmed Combat
  2403 | D:8      | Reached skill level 5 in Evocations
  2531 | D:8      | Reached skill level 7 in Charms
  2585 | D:9      | Reached skill level 7 in Fighting
  2585 | D:9      | Reached skill level 7 in Polearms
  2585 | D:9      | Reached skill level 7 in Dodging
  2682 | D:5      | Got a clouded tin ring
  2684 | D:5      | Identified the ring "Nyoceuse" {rC- MR+ MP+9 Dex+2} (You
                  | found it on level 5 of the Dungeon)
  2761 | D:4      | Quit the game

Skill      XL: |  1  2  3  4  5  6  7  8  9 10 |
---------------+-------------------------------+-----
Spellcasting   | 5 6 7 |  7.3
Invocations    | 1 2 3 4 5 |  5.8
Short Blades   | 1 2 3 4 5 |  5.2
Long Blades    | 1 2 3 4 5 |  5.2
Axes           | 1 2 3 4 5 |  5.2
Maces & Flails | 1 2 3 4 5 |  5.2
Staves         | 1 2 3 4 5 |  5.2
Slings         | 1 2 3 4 5 |  5.2
Bows           | 1 2 3 4 5 |  5.2
Crossbows      | 1 2 3 4 5 |  5.2
Throwing       | 1 2 3 4 5 |  5.2
Stealth        | 1 2 3 4 5 |  5.2
Shields        | 1 2 3 4 5 |  5.2
Unarmed Combat | 1 2 3 4 5 |  5.2
Evocations     | 1 2 3 4 5 |  5.2
Conjurations   | 1 2 3 4 |  4.3
Hexes          | 1 2 3 4 |  4.3
Summonings     | 1 2 3 4 |  4.3
Necromancy     | 1 2 3 4 |  4.3
Translocations | 1 2 3 4 |  4.3
Transmutations | 1 2 3 4 |  4.3
Fire Magic     | 1 2 3 4 |  4.3
Ice Magic      | 1 2 3 4 |  4.3
Air Magic      | 1 2 3 4 |  4.3
Earth Magic    | 1 2 3 4 |  4.3
Poison Magic   | 1 2 3 4 |  4.3
Armour         | 3 4 5 |  5.9
Fighting       | 5 6 7 |  7.0
Polearms       | 5 6 7 |  7.0
Dodging        | 5 6 7 |  7.0
Charms         | 6 7 |  7.1

Action                   |  1- 3 |  4- 6 |  7- 9 | 10-12 || total
-------------------------+-------+-------+-------+-------++-------
Melee: Spear             |    52 |     3 |       |       ||    55
       Bite              |     4 |     7 |    26 |    12 ||    49
       Halberd           |       |    97 |   231 |    79 ||   407
Throw: Tomahawk          |       |       |     5 |     2 ||     7
 Cast: Infusion          |     4 |       |       |       ||     4
       Song of Slaying   |     2 |     2 |     4 |     1 ||     9
       Spectral Weapon   |     1 |    12 |    35 |    14 ||    62
       Regeneration      |     1 |     5 |     7 |     2 ||    15
       Shroud of Golubri |       |     2 |     5 |     2 ||     9
Evoke: Wand              |       |       |       |     7 ||     7
  Use: Potion            |     1 |       |       |       ||     1
       Scroll            |       |     3 |     8 |     3 ||    14
 Stab: Distracted        |       |     1 |     1 |       ||     2
       Sleeping          |       |     1 |     1 |     4 ||     6
  Eat: Ration            |       |     1 |     1 |     2 ||     4
       Chunk             |       |       |     1 |     1 ||     2
Armor: Leather armour    |     8 |    26 |    58 |     5 ||    97
       Ring mail         |       |       |       |    13 ||    13
Dodge: Dodged            |    36 |    65 |   196 |    62 ||   359

Table legend:
 A = Turns spent in this place as a percentage of turns spent in the entire game.
 B = Non-inter-level travel turns spent in this place as a percentage of non-inter-level travel turns spent in the entire game.
 C = Inter-level travel turns spent in this place as a percentage of turns spent in this place.
 D = Turns resting spent in this place as a percentage of non-inter-level travel turns spent in this place.
 E = Turns spent auto-exploring this place as a percentage of non-inter-level travel turns spent in this place.
 F = Non-inter-level travel turns spent in this place divided by the number of levels of this place that you've seen.
                   A       B       C       D       E      F
               +-------+-------+-------+-------+-------+----------------------
         Total | 100.0 | 100.0 |   2.0 |   0.0 |   0.0 | 246.1
       Dungeon |  90.9 |  90.7 |   2.2 |   0.0 |   0.0 | 272.9
        Temple |   0.5 |   0.5 |   0.0 |   0.0 |   0.0 |  14.0
         Sewer |   8.6 |   8.8 |   0.0 |   0.0 |   0.0 | 237.0
               +-------+-------+-------+-------+-------+----------------------

Table legend:
 A = Kills in this place as a percentage of kills in entire the game.
 B = Kills by you in this place as a percentage of kills by you in the entire game.
 C = Kills by friends in this place as a percentage of kills by friends in the entire game.
 D = Other kills in this place as a percentage of other kills in the entire game.
 E = Experience gained in this place as a percentage of experience gained in the entire game.
 F = Experience gained in this place divided by the number of levels of this place that you have seen.
                   A       B       C       D       E      F
               +-------+-------+-------+-------+-------+----------------------
         Total | 100.0 | 100.0 |   N/A | 100.0 | 100.0 | 642.0
       Dungeon |  83.6 |  83.5 |   N/A | 100.0 |  91.6 | 718.9
         Sewer |  16.4 |  16.5 |   N/A |   0.0 |   8.4 | 592.0
               +-------+-------+-------+-------+-------+----------------------

Levels and vault maps discovered:
D:1:      dpeg_arrival_caged_fury, layout_basic
D:2:      layout_basic, grunt_qazlal_sundering, uniq_natasha, uniq_robin
D:3:      layout_basic, first_ration, hex_tiny, corexii_leaking_fountain
D:4:      minmay_diamond_boxcup, layout_cave_pools,
          cheibrodos_sewer_entry_drain, xom_confusion_cloud, uniq_menkaure,
          uniq_sigmund
D:5:      layout_loops_ring
D:6:      layout_basic, eino_tiny_chamber, solitary_fountain
D:7:      layout_rooms, kennysheep_mini, minmay_temple_entry_tees, serial_shops,
          shop, nicolae_shop_crystal
D:8:      cheibrodos_quashed, layout_loops_ring, okawaru_humans
D:9:      cheibrodos_ideogram_h, layout_rooms, slow_altar_1,
          chequers_temple_overflow_statue_of_worship, erik_lair_dragon,
          hangedman_pestilent_swarm, chequers_mini_garden, minivault_15
Temple:   eino_temple_lava
Sewer:    kennysheep_sewer_church
